Map: Dusty Gorge

Players

IllIlllIIIlI - Winner!

  • Race: Terran Terran
  • League: Master
  • Spawn Location: 11:00

фккщісщт - Winner!

  • Race: Zerg Zerg
  • Spawn Location: 9:00

PureLegacy

  • Race: Terran Terran
  • Spawn Location: 5:00

SmellMyFart

  • Race: Protoss Protoss
  • Spawn Location: 3:00

VOD

Have the link to the VOD?

Description

Time

  • Played on: Nov. 28, 2018, 10:08 p.m.
  • Length: 9:55
Show
View Real Time Build Order
Export as new Build Order

IllIlllIIIlI Terran - Winner!

Build Orders:  

Get SALT Encoding   

  13  0:21  SCV  
  13  0:59  Supply Depot  
  13  1:00  SCV  
  14  1:14  SCV  
  15  1:26  SCV  
  16  1:44  Barracks  
  16  1:46  Barracks x2  
  16  1:48  Barracks  
  16  1:49  Barracks x2  
  16  2:08  Supply Depot  
  16  2:36  Reaper  
  16  2:37  Reaper x4  
  19  2:41  Reaper, Orbital Command  
  19  2:43  Refinery  
  22  2:45  Refinery  
  22  3:08  Reaper  
  22  3:09  Reaper x2  
  22  3:12  Reaper  
  26  3:13  SCV  
  26  3:19  Reaper x2  
  29  3:25  SCV  
  30  3:52  Reaper  
  31  3:59  Supply Depot  
  31  4:00  Supply Depot x2  
  31  4:21  Reaper x5  
  36  4:25  Reaper  
  37  4:41  Factory  
  37  4:53  Reaper x3  
Show
View Real Time Build Order
Export as new Build Order

фккщісщт Zerg - Winner!

Build Orders: Pool First 

Get SALT Encoding   

  12  0:14  Drone x2  
  14  0:19  Spawning Pool  
  13  1:09  Queen  
  13  1:10  Overlord, Extractor  
  14  1:12  Extractor  
  13  1:30  Drone x3  
  16  1:45  Queen  
  18  1:47  Drone  
  19  2:03  Drone  
  19  2:04  Drone  
  21  2:21  Overlord  
  21  2:44  Drone  
  21  2:45  Drone x2  
  24  3:00  Hatchery  
  23  3:45  Drone x2  
  25  4:01  Drone x4  
  29  4:33  Drone x2  
  29  4:35  Drone x5  
  36  4:47  Lair  
  36  4:59  Overlord  
  36  5:00  Overlord, Extractor  
  36  5:01  Extractor  
  34  5:24  Drone x3  
  34  5:26  Drone x2  
  34  5:27  Drone x2  
  34  5:28  Drone x4  
  45  5:38  Drone  
  45  5:42  Extractor, Hatchery  
  44  5:48  Extractor  
  43  6:07  Spire  
  43  6:08  Spire  
  43  6:09  Drone x5  
  43  6:10  Drone, Infestation Pit  
  43  6:11  Drone x4  
  50  6:38  Overlord x5  
  50  6:51  Hive  
  50  6:56  Drone x3  
  50  6:58  Drone x3  
  56  7:23  Mutalisk  
  56  7:24  Mutalisk x8  
  56  7:25  Mutalisk x5  
  84  7:51  Extractor, Hatchery  
  84  7:53  Extractor  
  84  7:56  Zerg Flyer Weapons Level 1, Zerg Flyer Armor Level 1  
  81  8:01  Mutalisk x6  
  81  8:02  Mutalisk x2  
  97  8:23  Overlord x3  
  97  8:24  Overlord x7  
  97  8:25  Overlord  
  97  8:46  Mutalisk x7  
  97  8:47  Mutalisk x2  
  115  9:29  Mutalisk  
  115  9:30  Mutalisk x4  
  115  9:31  Mutalisk x5  
Show
View Real Time Build Order
Export as new Build Order

PureLegacy Terran 

Build Orders:  

Get SALT Encoding   

  12  0:06  SCV  
  13  0:18  SCV  
  14  0:23  Supply Depot  
  14  0:30  SCV  
  15  0:37  Refinery  
  15  0:45  SCV  
  15  0:47  Barracks  
  17  0:57  SCV  
  14  1:20  SCV  
  15  1:32  SCV  
  15  2:43  Orbital Command  
  15  3:32  SCV  
Show
View Real Time Build Order
Export as new Build Order

SmellMyFart Protoss 

Build Orders:  

Get SALT Encoding   

  12  0:00  Probe  
Tags
 
Add a new tag
Caveats
  • Supply blocks, unpowered buildings, or Contaminate may cause inaccurate times.
  • Supply counts are checked every 10 seconds.